 Dungeon Crawl Stone Soup version 0.27-a0-109-g416527ed24 (webtiles) character file.

Game seed: 9746941337747519330

5053 gimp the Gouger (level 10, -15/46 HPs)
             Began as a Felid Wanderer on Jan 24, 2021.
             Was an Initiate of Gozag.
             Demolished by a troll (20 damage)
             ... on level 11 of the Dungeon.
             The game lasted 00:35:22 (15352 turns).

gimp the Gouger (Felid Wanderer)                   Turns: 15352, Time: 00:35:22

Health: -15/46     AC:  2    Str:  7    XL:     10   Next: 31%
Magic:  11/11      EV: 25    Int: 14    God:    Gozag
Gold:   1018       SH:  0    Dex: 18    Spells: 9/9 levels left
                                        Lives:  0   Deaths: 2

rFire    . . .     SeeInvis +     - Unarmed
rCold    . . .     Faith    .   (shield unavailable)
rNeg     . . .     Spirit   .   (armour unavailable)
rPois    .         Reflect  .   (helmet unavailable)
rElec    +         Harm     .   (cloak unavailable)
rCorr    .         Rampage  .   (gloves unavailable)
Will     ++...     Rnd*Rage +   (boots unavailable)
Stlth    +++++.....             (no amulet)
HPRegen  0.15/turn              m - ring of stealth
MPRegen  0.12/turn              v - ring of willpower

@: quick
A: very small, no armour, no weapons or thrown items, stealth, claws 1, fangs 3,
see invisible, berserk 1, speed 1, frail 1, shaggy fur 2, electricity
resistance, weak 1, sharp paws
a: Renounce Religion, Potion Petition, Call Merchant, Bribe Branch


You were on level 11 of the Dungeon.
You worshipped Gozag.
Gozag was most pleased with you.
You visited 1 branch of the dungeon, and saw 11 of its levels.

You collected 2011 gold pieces.
You paid 993 gold pieces to Gozag.

Inventory:

Jewellery
 i - an uncursed ring of ice
 m - a ring of stealth (left paw)
 v - a ring of willpower (right paw)
 E - an uncursed ring of protection from fire
Wands
 f - a wand of disintegration (19)
 k - a wand of enslavement (10)
 n - a wand of flame (43)
 q - a wand of polymorph (7)
 u - a wand of acid (2)
 y - a wand of digging (1)
 D - a wand of paralysis (4)
Scrolls
 c - 6 scrolls of teleportation
 d - 2 scrolls of vulnerability
 e - a scroll of identify
 g - a scroll of fear {unknown}
 l - a scroll of fog
 p - a scroll of amnesia
 t - 4 scrolls of immolation
 w - 6 scrolls of remove curse
 A - a scroll of blinking
 F - 2 scrolls of magic mapping
Potions
 a - 2 potions of haste
 b - 7 potions of ambrosia
 h - a potion of flight
 j - a potion of invisibility
 r - a potion of brilliance
 s - 2 potions of might
 x - a potion of resistance
 z - a potion of berserk rage
 C - 2 potions of curing
Miscellaneous
 G - a lightning rod (2/4)


   Skills:
 - Level 11.0 Fighting
 + Level 8.6 Dodging
 - Level 6.0 Stealth
 + Level 11.8 Unarmed Combat
 + Level 4.2 Evocations


You had 9 spell levels left.
You didn't know any spells.
Your spell library was empty.

Dungeon Overview and Level Annotations

Branches:
Dungeon (11/15)            Temple (0/1) D:5            Lair (0/6) D:8
    Orc: D:9-12

Altars:
Ashenzari
Dithmenos
Gozag
Wu Jian
Xom

Annotations:
D:4 exclusion: ice beast
D:7 1 runed translucent door, Crazy Yiuf, Dowan
D:8 exclusions: lava snake and 1 more exclusion


Innate Abilities, Weirdness & Mutations

You cannot wear armour.
You are incapable of wielding weapons or throwing items.
Your paws allow you to move quietly. (Stealth)
You have sharp claws.
You have razor-sharp teeth.
You have supernaturally acute eyesight. (SInv)
You cover ground quickly.
You are covered in thick fur. (AC +2)
Your sharp claws are effective at attacking unaware monsters.
You tend to lose your temper in combat.
You are frail. (-10% HP)
You are resistant to electric shocks. (rElec)
You are weak. (Str -2)


Message History

You take 9 damage, and have 12/46 hp.
You claw the troll!
The troll is severely wounded.
You closely miss the troll. You bite the troll, but do no damage.
The troll is severely wounded.
The troll completely misses you. The troll claws you.
* * * LOW HITPOINT WARNING * * *
The troll claws you but does no damage.
You take 3 damage, and have 9/46 hp.
You claw the troll!
The troll is almost dead.
The troll bites you.
* * * LOW HITPOINT WARNING * * *
The troll closely misses you. The troll misses you.
You take 4 damage, and have 5/46 hp.
You barely miss the troll. Your bite misses the troll.
The troll is almost dead.
The troll bites you!!
You die...
Your body crumbles into a pile of gold.

#....#.....# ...#..#.........#
#....#.....##...#............#
#.#..#..........######.......#
#.#..#............. #.......#
#....#..)..)....... #...##..#
.....#..).)###'###. #.......#
..##.#.[...# ..# #.......#
..##.#)##### #T# #.......#
.....)).## #@#####.#####.#
.....)..##...###.............#
.......##....................#
....#.## ...#####......####..#
.....####+###...#......# #..#
#...##.<...##...#......# #..#
8.8##......##...#......####..#
#+########'##...#............#
$$$ #.......#...#.###........#


You could see a troll.

Vanquished Creatures
  A two-headed ogre (D:8)
  A hydra (D:11)
  Maggie (D:6)
  A queen bee (D:9)
  3 trolls
  Grinder (D:6)
  Sigmund (D:3)
  A wyvern (D:9)
  A soldier ant (D:11)
  Edmund (D:6)
  A water moccasin (D:6)
  Duvessa (D:7)
  An ogre (D:8)
  4 orc warriors
  3 ice beasts
  2 sky beasts
  A hornet zombie (D:6)
  An eye of draining (D:10)
  4 centaurs
  7 bullfrogs
  Blork the orc (D:5)
  A gnoll sergeant (D:9)
  10 scorpions
  A water moccasin skeleton (D:5)
  27 killer bees
  5 wights
  8 howler monkeys
  2 centaur zombies (D:8)
  A bullfrog skeleton (D:5)
  2 bullfrog zombies
  9 hounds
  6 orc priests
  A centaur skeleton (D:7)
  6 orc wizards
  3 iguanas
  8 worker ants
  3 hound skeletons
  A howler monkey zombie (D:9)
  2 howler monkey skeletons
  3 gnolls (D:9)
  15 adders
  3 shadow imps
  A white imp (D:9)
  An ufetubus (D:9)
  An ooze (D:2)
  A worm (D:4)
  4 dart slugs
  4 leopard geckos
  57 orcs
  15 bats
  2 giant cockroaches (D:1)
  5 goblins
  3 hobgoblins
  11 jackals
  11 kobolds
  3 quokkas
  3 ball pythons (D:3)
  4 frilled lizards
  A giant cockroach zombie (D:5)
  A jackal skeleton (D:4)
  A leopard gecko zombie (D:5)
  2 quokka skeletons
  7 rats
293 creatures vanquished.

Vanquished Creatures (collateral kills)
  3 yaks (D:10)
3 creatures vanquished.

Vanquished Creatures (others)
  14 fungi (D:5)
  4 plants
18 creatures vanquished.

Grand Total: 314 creatures vanquished

Notes
Turn   | Place    | Note
-------+----------+-------------------------------------------
     0 | D:1      | gimp the Felid Wanderer began the quest for the Orb.
     0 | D:1      | gimp set off with the following items: 2 potions of haste,
                  | 2 potions of lignification
     0 | D:1      | Reached XP level 1. HP: 11/11 MP: 2/2
   234 | D:1      | Reached XP level 2. HP: 8/15 MP: 3/3
  1200 | D:2      | Reached XP level 3. HP: 16/18 MP: 4/4
  1639 | D:2      | Reached skill level 5 in Fighting
  1639 | D:2      | Reached XP level 4. HP: 23/23 MP: 5/5
  2367 | D:3      | Noticed Sigmund
  2373 | D:3      | Killed Sigmund
  2374 | D:3      | Reached skill level 5 in Stealth
  2374 | D:3      | Reached XP level 5. HP: 15/28 MP: 6/6
  2374 | D:3      | Gained mutation: You are covered in thick fur. (AC +2)
                  | [Felid growth]
  2374 | D:3      | Reached XP level 6. HP: 16/31 MP: 7/7
  3788 | D:4      | Found a broken altar of Ashenzari.
  3888 | D:4      | Noticed an ice beast
  3954 | D:4      | Reached skill level 1 in Dodging
  4110 | D:4      | Gained mutation: You are frail. (-10% HP) [potion of
                  | mutation]
  4110 | D:4      | Gained mutation: You tend to lose your temper in combat.
                  | [potion of mutation]
  4110 | D:4      | Gained mutation: You are weak. (Str -2) [potion of
                  | mutation]
  4110 | D:4      | Gained mutation: You are resistant to electric shocks.
                  | (rElec) [potion of mutation]
  4410 | D:4      | Reached XP level 7. HP: 32/32 MP: 8/8
  4720 | D:5      | Entered Level 5 of the Dungeon
  4737 | D:5      | Noticed Blork the orc
  4785 | D:5      | Reached skill level 5 in Unarmed Combat
  4806 | D:5      | Killed Blork the orc
  4853 | D:5      | Found a staircase to the Ecumenical Temple.
  5214 | D:5      | Found an opulent altar of Gozag.
  5231 | D:5      | Reached skill level 5 in Dodging
  5458 | D:5      | Reached XP level 8. HP: 22/36 MP: 9/9
  5609 | D:5      | Became a worshipper of Gozag Ym Sagoz the Greedy
  5646 | D:5      | Found a shadowy altar of Dithmenos.
  6550 | D:5      | Noticed a gargoyle
  6715 | D:6      | Noticed Grinder
  6734 | D:6      | Killed Grinder
  6878 | D:6      | Noticed Edmund
  6885 | D:6      | Noticed Maggie
  6898 | D:6      | Killed Edmund
  7511 | D:6      | Killed Maggie
  7512 | D:6      | Reached XP level 9. HP: 39/39 MP: 10/10
  8149 | D:7      | Found a runed translucent door.
  8150 | D:7      | Noticed Crazy Yiuf
  8338 | D:7      | Noticed Duvessa
  8338 | D:7      | Noticed Dowan
  8356 | D:7      | Killed Duvessa
  8376 | D:7      | Noticed Dowan
  8376 | D:7      | Dowan changed into Dowan the steam dragon
  8796 | D:8      | Noticed a two-headed ogre
  8822 | D:8      | Killed a two-headed ogre
  9549 | D:8      | Found a staircase to the Lair.
  9655 | D:8      | Found a shimmering altar of Xom.
  9658 | D:8      | Found a broken altar of Ashenzari.
  9660 | D:8      | Found an ornate altar of the Wu Jian Council.
  9917 | D:9      | Reached XP level 10. HP: 45/45 MP: 11/11
  9936 | D:9      | Reached skill level 10 in Unarmed Combat
 10302 | D:9      | Reached skill level 10 in Fighting
 10752 | D:8      | HP: 1/45 [orc priest (3)]
 10753 | D:8      | Hit by a stone thrown by an orc warrior
 10754 | D:8      | Reached XP level 9. HP: -11/41 MP: 10/10
 11696 | D:9      | Noticed a queen bee
 12441 | D:9      | Reached XP level 10. HP: 25/45 MP: 11/11
 12740 | D:9      | HP: 4/100 [poisoned by a queen bee]
 12740 | D:9      | Mangled by a queen bee
 12741 | D:9      | Reached XP level 9. HP: -6/94 MP: 10/10
 12760 | D:9      | Killed a queen bee
 12867 | D:10     | Entered Level 10 of the Dungeon
 13203 | D:10     | Noticed a troll
 13226 | D:10     | Killed a troll
 13237 | D:10     | Noticed a troll
 13954 | D:11     | Noticed a troll
 14468 | D:11     | Noticed a six-headed hydra
 14485 | D:11     | Killed a six-headed hydra
 14486 | D:11     | Reached XP level 10. HP: 46/46 MP: 11/11
 15352 | D:11     | Demolished by a troll

Illustrated notes

Levels and vault maps discovered:
D:1:      denvon_arrival_planthouse, layout_rooms
D:2:      layout_basic, minivault_14, minmay_misc_feat_encased,
          nicolae_qazlal_general_emergency
D:3:      layout_loops_ring, roderic_three_in_a_row, uniq_sigmund
D:4:      layout_gridville, nicolae_ashenzari_panopticon
D:5:      layout_loops_ring, old_standard_altar, temple_pool_b, basic_altar,
          serial_aquarium, aquarium_bridge_island_small
          [aquarium_subvault_small_water, aquarium_subvault_balcony,
          aquarium_subvault_bridge, aquarium_subvault_window,
          aquarium_subvault_wall], aquarium_window_corner, aquarium_window_3,
          aquarium_window_1, aquarium_view_2d, aquarium_view_2d,
          aquarium_balcony_1b, uniq_blork_the_orc
D:6:      layout_basic, uniq_edmund, uniq_maggie, uniq_grinder
D:7:      layout_rooms, uniq_duvessa, uniq_crazy_yiuf_cottage
D:8:      layout_rooms, minitemple, lair_entry_dummy, kennysheep_boxes
D:9:      layout_rooms, special_room [special_room_bee]
D:10:     layout_cave_pools, grunt_decor_one_mirror
D:11:     old_forge, layout_stronghold, hiddenorc1_lemuel

Skill      XL: |  1  2  3  4  5  6  7  8  9 10 |
---------------+-------------------------------+-----
Stealth        | 2 3 5 6 |  6.0
Fighting       | 5 6 7 8 11 10 | 11.0
Dodging        | 1 5 7 8 |  8.6
Unarmed Combat | 6 8 11 10 | 11.8
Evocations     | 3 4 |  4.2

Action                   |  1- 3 |  4- 6 |  7- 9 | 10-12 || total
-------------------------+-------+-------+-------+-------++-------
Melee: Unarmed           |    81 |   163 |   561 |   189 ||   994
       Bite              |     8 |    16 |    46 |    21 ||    91
       Punch             |       |     2 |    15 |     7 ||    24
Invok: Potion Petition   |       |       |     1 |       ||     1
Evoke: Wand              |       |       |    46 |     2 ||    48
       Lightning rod     |       |       |     3 |       ||     3
  Use: Potion            |       |     6 |     1 |     2 ||     9
       Scroll            |       |       |    16 |     1 ||    17
 Stab: Sleeping          |     2 |    15 |    20 |     4 ||    41
       Distracted        |       |     1 |     1 |     4 ||     6
       Paralysed         |       |       |     4 |       ||     4
       Confused          |       |       |     2 |     1 ||     3
       Betrayed ally     |       |       |     1 |       ||     1
       Held in net/web   |       |       |       |     1 ||     1
Armor: Skin              |     6 |    10 |    28 |     5 ||    49
Dodge: Dodged            |    44 |    87 |   411 |   131 ||   673

Table legend: (Time is in decaauts)
 A = Elapsed time spent in this place.
 B = Non-inter-level travel time spent in this place.
 C = Inter-level travel time spent in this place.
 D = Time resting spent in this place.
 E = Time spent auto-exploring this place.
 F = Levels seen in this place.
 G = Mean time per level.
                   A        B        C        D        E       F      G
               +--------+--------+--------+--------+--------+-----+--------+
         Total |  13930 |  13652 |    278 |   3144 |   7780 |  11 | 1266.4 |
       Dungeon |  13930 |  13652 |    278 |   3144 |   7780 |  11 | 1266.4 |
               +--------+--------+--------+--------+--------+-----+--------+

Top non-repeatable levels by time:
     D:8: 2754 daAuts
     D:3: 1781 daAuts
     D:5: 1490 daAuts
     D:6: 1406 daAuts
     D:9: 1376 daAuts
     D:1: 1333 daAuts
    D:11: 1153 daAuts
     D:4: 1071 daAuts
    D:10: 919 daAuts
     D:7: 382 daAuts
     D:2: 263 daAuts
